 BcadrenCrawl: Boulder Brew version 0.06-688-g08e91b2d95 (webtiles) character file.

Game seed: 8222326715390932721

160 Leeroy the Archer (level 5, -4/56 HPs) Tengu Centaur. Began on Jan 22, 2023. Slain by a water moccasin (5 damage) ... on level 1 of the Dungeon. The game lasted 00:03:35 (1472 turns).

Leeroy the Archer (Tengu Centaur)                   Turns: 1472, Time: 00:03:35

Health: -4/56      AC:  4    Str: 16    XL:     5 ^: 151
Magic:  4/6        EV: 11    Int: 13    God:
Gold:   42         SH:  0    Dex: 10    Spells: 4/4 levels left

rFire    . . .     Slash    x   b - +0 short sword
rCold    . . .     Pierce   .   (no weapon)
rNeg     . . .     Bludgeon .   c - +0 leather armour
rCorr    . . .     Vision   .   (helmet restricted)
rPois    .         Gourm    .   (no cloak)
rElec    .         Faith    .   (no gloves)
MR       .....     Spirit   .   (no barding)
HPRegen  0.28/turn Reflect  .   (no amulet)
MPRegen  0.16/turn Harm     .   (no ring)
Stlth    +.........             (no ring)

@: lethally poisoned (-4 -> -23), flying quickly and evasively, very quick
A: large, beak, hippogriff form, talons, deformed body 1, speed 2, tengu flight,
soft flesh, AC +3
a: Stop Flying


You were on level 1 of the Dungeon.
You were very hungry.

You visited 1 branch of the dungeon, and saw 2 of its levels.

You collected 42 gold pieces.

Inventory:

Weapons
 a - a +0 shortbow
 b - a +0 short sword (weapon)
Armour
 c - a +0 leather armour (worn)
Jewellery
 h - a cursed ring of protection {(Curse: rC-)}
 i - an uncursed ring of protection
 j - a cursed ring of stealth {(Curse: rF-)}
Scrolls
 e - 2 scrolls of teleportation
 k - 2 scrolls of random uselessness
Comestibles
 d - 6 rations


   Skills:
 - Level 2.0 Fighting
 + Level 8.6 Bows
 - Level 2.1 Dodging
 - Level 1.0 Stealth


You had 4 spell levels left.
You didn't know any spells.
Your spell library was empty.

Dungeon Overview and Level Annotations

Branches:
Dungeon (2/8)

Altars:


Innate Abilities, Weirdness & Mutations

Your horsehide is resilient. (AC +3)
You have a beak for a mouth.
You have a hippogriff-like bottom half; talons in the front, hooves in the back.
Armour fits poorly on your strangely shaped body.
You cover ground very quickly.
You can fly continuously.
Your speed and evasion are boosted while flying.
Your soft flesh is weak to deep cuts.
Heavy manmade armour will nullify this weakness. (rSlashing-)


Message History

* * * LOW HITPOINT WARNING * * *
You fly upwards.
* * * LOW HITPOINT WARNING * * *
You feel sick. (1)
There is a stone staircase leading down here.
Unknown command.
You feel better.
You drop the empty bottle.
The water moccasin bites you (7)!
* * * LOW HITPOINT WARNING * * *
You are lethally poisoned!
The water moccasin poisons you (20)!!
Unknown command.
You hit the water moccasin but do no damage. x2
The water moccasin is healthy. (27/27) HP
* * * LOW HITPOINT WARNING * * *
You feel sick. (2)
The water moccasin bites you (7)!
* * * LOW HITPOINT WARNING * * *
You are more poisoned.
The water moccasin poisons you (13)! The water moccasin bites you (5).
You die...

#####.## #.#
##.##.#######.#.#..#
#...###.###.#.#.####.........#
#.#..)....)###.......##.#.#.##
#...#######)#.#.#######.....#
#####.## ##.##.# ###.### ..#
#.# #.##.# #.# #.###.#
###.##.# #.#### ....#.#
#..โ‰ˆ##.# ###.....
#.#.#.#######.#โ‰ˆ@S.#
#...####
#..............โ‰ˆ#### #.###
###.#..........## #.#
....############ #รท# #####
#.# #.# #.###### #.......
########


You could see a water moccasin.

Vanquished Creatures
  3 giant cockroaches (D:1)
  6 cinder newts
  A bullfrog (D:2)
  3 oozes
  2 dart slugs (D:1)
  2 leopard geckos (D:1)
  6 goblins (D:1)
  5 hobgoblins (D:1)
  5 kobolds (D:1)
  A quokka (D:1)
  6 bats
  22 rats (D:1)
62 creatures vanquished.

Vanquished Creatures (others)
  A bat (D:2)
  36 withered plants (D:2)
37 creatures vanquished.

Grand Total: 99 creatures vanquished

Notes
Turn   | Place    | Note
-------+----------+-------------------------------------------
     0 | D:1      | Leeroy the Tengu Centaur began the quest for the Orb.
     0 | D:1      | Reached XP level 1. HP: 24/24 MP: 2/2
    44 | D:1      | Reached skill level 5 in Bows
    47 | D:1      | Reached XP level 2. HP: 15/32 MP: 3/3
   291 | D:1      | Reached skill level 6 in Bows
   291 | D:1      | Reached XP level 3. HP: 40/40 MP: 4/4
   385 | D:1      | Reached skill level 7 in Bows
   429 | D:1      | Reached XP level 4. HP: 43/48 MP: 5/5
   838 | D:1      | Reached skill level 8 in Bows
  1208 | D:2      | Gained mutation: You can fly continuously. Your speed and
                  | evasion are boosted while flying. [Tengu growth]
  1208 | D:2      | Reached XP level 5. HP: 32/56 MP: 6/6
  1251 | D:2      | HP: 1/56 [cinder newt (3)]
  1459 | D:2      | Noticed a water moccasin
  1472 | D:1      | HP: 1/56 [water moccasin (7)]
  1472 | D:1      | Slain by a water moccasin

Illustrated notes

Levels and vault maps discovered:
D:1:      lemuel_arrival_rhombus, layout_loops_ring, first_ration,
          minmay_rat_hole
D:2:      layout_sewer, uniq_sigmund, uniq_ijyb, uniq_duvessa

Skill      XL: |  1  2  3  4 |
---------------+-------------+-----
Bows           | 5 6 7 8 |  8.6
Fighting       | |  2.0
Dodging        | |  2.1
Stealth        | |  1.0

Action                   |  1- 3 |  4- 6 || total
-------------------------+-------+-------++-------
Melee: Short sword       |     7 |    74 ||    81
       Unarmed           |     7 |    60 ||    67
       Kick              |     2 |    18 ||    20
       Tailslap          |     2 |     5 ||     7
 Fire: Shortbow          |    55 |     9 ||    64
 Abil: Fly               |       |     1 ||     1
  Use: Potion            |       |     1 ||     1
Armor: Leather armour    |    12 |    20 ||    32
Dodge: Dodged            |     1 |    20 ||    21
